 Dungeon Crawl Stone Soup version 0.31-a0-691-g409c26aa35 (webtiles) character file.

Game seed: 6766177672101699885

86 SmokeWeed the Shooter (level 4, -5/34 HPs)
             Began as a Demonspawn Hunter on Sept 6, 2023.
             Slain by an ogre
             ... wielding a +0 giant spiked club
              (15 damage)
             ... on level 4 of the Dungeon on Sept 7, 2023.
             The game lasted 00:06:38 (1808 turns).

SmokeWeed the Shooter (Demonspawn Hunter)           Turns: 1808, Time: 00:06:40

Health: -5/34      AC:  5    Str: 11    XL:     4   Next: 26%
Magic:  4/4        EV: 11    Int: 10    God:
Gold:   102        SH:  0    Dex: 19    Spells: 3/3 levels left

rFire   . . .        a - +0 shortbow
rCold   . . .        (shield currently unavailable)
rNeg    . . .        r - +0 ring mail
rPois   .            (no helmet)
rElec   .            (no cloak)
rCorr   .            (no gloves)
SInv    .            (no boots)
Will    .....        (no amulet)
Stlth   +            (no ring)
HPRegen 0.25/turn    (no ring)
MPRegen 0.09/turn

%: no passive effects
@: no status effects
A: ignite blood 2
a: no special abilities


You were on level 4 of the Dungeon.
You visited 1 branch of the dungeon, and saw 4 of its levels.

You collected 102 gold pieces.

Inventory:

Hand Weapons
 a - a +0 shortbow (weapon)
Missiles
 g - 4 boomerangs
 p - 3 poisoned darts
Armour
 c - a +0 leather armour
 l - a +0 buckler
 r - a +0 ring mail (worn)
Jewellery
 h - an amulet of the acrobat
Talismans
 i - a flux talisman
Wands
 o - a wand of light (10)
Scrolls
 b - 2 scrolls of butterflies
 d - 4 scrolls of teleportation {unknown}
 j - a scroll of amnesia {unknown}
 k - 3 scrolls of identify {unknown}
 m - 2 scrolls of fog {unknown}
 n - a scroll of fear {unknown}
 q - a scroll of torment {unknown}
 s - a scroll of enchant weapon {unknown}
 t - a scroll of revelation {unknown}
Potions
 e - a potion of degeneration {unknown}
 f - a potion of curing {unknown}


   Skills:
 + Level 2.5 Fighting
 + Level 4.7 Ranged Weapons
 + Level 0.6 Armour
 + Level 2.0 Dodging
 + Level 1.0 Stealth


You had 3 spell levels left.
You didn't know any spells.
Your spell library was empty.

Dungeon Overview and Level Annotations

Branches:
Dungeon (4/15)
 Temple: D:4-7

Altars:

Shops:
D:2 [


Innate Abilities, Weirdness & Mutations

Your demonic aura often causes spilled blood to erupt in flames.


Message History

There is a stone staircase leading down here.
You climb downwards.
You hear the hiss of flowing sand.
There is an entrance to an ossuary on this level.
Hurry and find it before the portal is buried!
Found four items.
Found an escape hatch in the floor.
There is a stone staircase leading up here.
You shoot an arrow. The arrow hits the dart slug.
The dart slug is heavily wounded.
The dart slug launches a dart at you. The slug dart misses you.
You shoot an arrow. The arrow hits the dart slug.
The dart slug is severely wounded.
The dart slug bites you but does no damage.
You shoot an arrow. The arrow hits the dart slug!
You kill the dart slug!
No target in view!
No target in view!
m - 2 scrolls labelled YQUNIY COASULL (gained 1)
s - a scroll labelled JOLISO FETWAMORPH
t - a scroll labelled BOSONE PIMPA An ogre comes into view.
It is wielding a +0 giant spiked club.
You shoot an arrow. The arrow hits the ogre.
The ogre shouts!
The ogre is lightly wounded.
You hear an angry hiss.
The ogre is engulfed in blazing flames.
The ogre closely misses you. The ogre attacks as it pursues you!
The ogre hits you with a +0 giant spiked club!!
Ouch! That really hurt!
* * * LOW HITPOINT WARNING * * *
You hear an angry hiss.
An adder comes into view.
You are too injured to fight recklessly!
Fire: a) +0 shortbow
Press: ? - help, Q - select action, (/) - cycle Shift-Dir - straight line, f/p - ogre
Aim: an ogre, wielding a +0 giant spiked club (heavily wounded, 77% to hit)
You shoot an arrow. The arrow hits the ogre.
The ogre is severely wounded.
The ogre hits you with a +0 giant spiked club!
You die...

.#... ##...<.# .#
.....##......##.##
.............#...#
............##..#
##..........#..#
.###.#.........#
.....#.........##
###........☼O..#
#.........@☼..#
......#.#....##.#
..............#...#
.#...............##
#.........##S.###
##......#.#...#
#..........###
##....#


You could see an ogre and an adder.

Vanquished Creatures
  An adder (D:2)
  2 worms (D:2)
  3 dart slugs
  An orc (D:3)
  5 ball pythons
  4 bats
  4 endoplasms (D:1)
  A giant cockroach (D:1)
  4 goblins
  14 hobgoblins
  7 jackals
  A quokka (D:1)
  A frilled lizard (D:1)
  5 kobolds
  3 rats
56 creatures vanquished.

Notes
Turn   | Place    | Note
-------+----------+-------------------------------------------
     0 | D:1      | SmokeWeed the Demonspawn Hunter began the quest for the
                  | Orb.
     0 | D:1      | Reached XP level 1. HP: 16/16 MP: 1/1
   344 | D:1      | Gained mutation: Your demonic aura sometimes causes spilled
                  | blood to erupt in flames. [demonic ancestry]
   344 | D:1      | Reached XP level 2. HP: 16/22 MP: 2/2
   423 | D:1      | Reached skill level 1 in Stealth
   486 | D:1      | Reached skill level 4 in Ranged Weapons
   615 | D:1      | Reached XP level 3. HP: 11/28 MP: 3/3
  1022 | D:2      | Found Evvo Qowk's Armour Shoppe.
  1473 | D:3      | Gained mutation: Your demonic aura often causes spilled
                  | blood to erupt in flames. [demonic ancestry]
  1473 | D:3      | Reached XP level 4. HP: 31/34 MP: 4/4
  1803 | D:4      | Noticed an ogre
  1808 | D:4      | Slain by an ogre

Illustrated notes

Levels and vault maps discovered:
D:1:      onia_arrival_mini_spirals, layout_loops_cross
D:2:      layout_basic, serial_shops, shop, grunt_decor_arrowhead
D:3:      layout_rooms, serial_shops, nicolae_shop_industrial_runoff,
          minmay_misc_feat_rugged
D:4:      layout_cave_pools, grunt_ashenzari_visionary
          [grunt_ashenzari_visionary_swamp, grunt_ashenzari_visionary_spider],
          chequers_ossuary_entry_cave

Skill      XL: |  1  2  3 |
---------------+----------+-----
Stealth        | 1 |  1.0
Ranged Weapons | 4 |  4.7
Dodging        | 2 |  2.0
Fighting       | |  2.5
Armour         | |  0.6

Action                     |  1- 3 |  4- 6 || total
---------------------------+-------+-------++-------
   Fire: Shortbow          |   121 |    37 ||   158
 Armour: Leather armour    |    34 |    16 ||    50
         Ring mail         |       |    13 ||    13
  Dodge: Dodged            |    34 |    18 ||    52

Table legend: (Time is in decaauts)
 A = Elapsed time spent in this place.
 B = Non-inter-level travel time spent in this place.
 C = Inter-level travel time spent in this place.
 D = Time resting spent in this place.
 E = Time spent auto-exploring this place.
 F = Levels seen in this place.
 G = Mean time per level.
                   A        B        C        D        E       F      G
               +--------+--------+--------+--------+--------+-----+--------+
         Total |   1845 |   1747 |     98 |    166 |   1128 |   4 |  461.2 |
       Dungeon |   1845 |   1747 |     98 |    166 |   1128 |   4 |  461.2 |
               +--------+--------+--------+--------+--------+-----+--------+

Top non-repeatable levels by time:
     D:1: 814 daAuts
     D:2: 642 daAuts
     D:3: 361 daAuts
     D:4: 27 daAuts
